 Dungeon Crawl Stone Soup version 0.25.1-2-g60ff931df9 (webtiles) character file.

Game seed: 15222931919314875020

1123 Exodus22XD the Poker (level 8, -5/59 HPs)
             Began as a Demonspawn Gladiator on Oct 31, 2020.
             Killed by divine providence
             ... invoked by an orc priest
              (14 damage)
             ... on level 6 of the Dungeon.
             The game lasted 00:05:21 (5801 turns).

Exodus22XD the Poker (Demonspawn Gladiator)         Turns: 5801, Time: 00:05:22

Health: -5/59      AC: 15    Str: 16    XL:     8   Next: 13%
Magic:  8/8        EV: 11    Int:  9    God:
Gold:   389        SH:  0    Dex: 16    Spells: 7/7 levels left

rFire    + . .     SeeInvis .   a - +0 trident
rCold    x . .     Gourm    .   (no shield)
rNeg     . . .     Faith    +   i - +3 scale mail {MR+}
rPois    .         Spirit   .   (helmet restricted)
rElec    .         Reflect  .   A - +0 cloak
rCorr    .         Harm     .   (no gloves)
MR       +....                  s - +0 pair of boots
Stlth    +.........             x - amulet of faith
HPRegen  0.19/turn              p - ring of fire
MPRegen  0.11/turn              (no ring)

@: lethally poisoned (-5 -> -6)
A: antennae 2, thin metallic scales 2, spiny 2
a: no special abilities


You were on level 6 of the Dungeon.
You were hungry.

You visited 1 branch of the dungeon, and saw 6 of its levels.

You collected 389 gold pieces.

Inventory:

Hand Weapons
 a - a +0 trident (weapon)
Missiles
 d - 3 throwing nets (quivered)
Armour
 i - a +3 scale mail of magic resistance (worn)
 s - a +0 pair of boots (worn)
 A - a +0 cloak (worn)
Jewellery
 p - a ring of fire (left hand)
 x - an amulet of faith (around neck)
 C - a cursed amulet of inaccuracy {unknown}
Wands
 m - a wand of paralysis (7)
 w - a wand of digging (8)
 y - a wand of flame (8)
Scrolls
 e - 2 scrolls of immolation {unknown}
 g - 2 scrolls of enchant weapon {unknown}
 h - 8 scrolls of identify
 j - 4 scrolls of random uselessness {unknown}
 k - a scroll of teleportation {unknown}
 n - 2 scrolls of amnesia {unknown}
 q - a scroll of magic mapping {unknown}
 r - a scroll of remove curse {unknown}
 t - 3 scrolls of enchant armour {unknown}
 u - 3 scrolls of blinking {unknown}
Potions
 b - a potion of curing {unknown}
 c - 2 potions of invisibility {unknown}
 l - 2 potions of heal wounds
 o - a potion of might {unknown}
 v - a potion of ambrosia
 z - a potion of lignification {unknown}
 B - a potion of brilliance {unknown}
Comestibles
 f - 5 rations


   Skills:
 + Level 3.6 Fighting
 + Level 6.1 Polearms
 - Level 1.7 Throwing
 + Level 5.0 Armour
 + Level 3.7 Dodging
 + Level 1.8 Stealth


You had 7 spell levels left.
You didn't know any spells.
Your spell library contained the following spells:

 Spells                   Type           Power        Failure   Level  Hunger
 Animate Skeleton         Necr           N/A          80%         1    ##.....
 Pain                     Necr           #...         80%         1    ##.....
 Vampiric Draining        Necr           #.........   99%         3    ####...
 Animate Dead             Necr           N/A          100%        4    #####..
 Agony                    Necr           #.......     100%        5    ######.


Dungeon Overview and Level Annotations

Branches:
Dungeon (6/15)
 Temple: D:4-7

Altars:
Hepliaklqana
Nemelex Xobeh
Okawaru
Ru
Sif Muna
Xom
Yredelemnul

Annotations:
D:5 2 transporters, Prince Ribbit; TangoThomas's ghost, novice GrFE


Innate Abilities, Weirdness & Mutations

You have a pair of antennae on your head.
You are mostly covered in thin metallic scales. (AC +3)
You are mostly covered in sharp spines.


Message History

The scorpion poisons you!
The orc hits you from afar with a +0 trident.
You feel sick.
You feel sick.
You feel sick.
You feel sick.
You feel sick.
You feel sick.
You feel sick.
You are feeling hungry.
You feel sick.
You feel sick.
You feel sick.
There is a stone staircase leading down here.
You see here a stone.
You feel sick.
You feel sick.
The orc priest mumbles some strange prayers to Beogh against you.
Beogh smites you!
You die...

####### ###
.#....###### #.#
#### ...###.....#
#.###.<#
#..##..#####
#....### ##....##
##.### ##....## #.#
##.....# #@#
#..##..## ##.###
#..###..## ##s.(.##
#.##
##..####>.....###
#.#
##........##......
#.#
#.#.ooo...)........
###
#...o###()†........
#.....##...........
##..o.{..........##.


You could see a scorpion and an orc priest.

Vanquished Creatures
  A sky beast (D:5)
  A centaur (D:4)
  4 big kobolds
  A scorpion (D:2)
  3 crimson imps (D:5)
  3 hounds
  Crazy Yiuf (D:5)
  A jelly (D:5)
  2 orc wizards
  A bullfrog skeleton (D:5)
  Terence (D:2)
  3 worker ants
  5 adders
  5 oozes
  2 adder skeletons
  2 worms (D:3)
  3 dart slugs
  2 leopard geckos
  20 orcs
  A giant cockroach (D:1)
  9 goblins
  6 hobgoblins
  3 jackals (D:4)
  A ball python (D:2)
  9 bats
  9 frilled lizards
  A giant cockroach zombie (D:5)
  18 kobolds
  A leopard gecko zombie (D:5)
  A quokka skeleton (D:5)
  3 rats
123 creatures vanquished.

Vanquished Creatures (others)
  9 fungi (D:5)
  7 toadstools (D:5)
16 creatures vanquished.

Grand Total: 139 creatures vanquished

Notes
Turn   | Place    | Note
-------+----------+-------------------------------------------
     0 | D:1      | Exodus22XD the Demonspawn Gladiator began the quest for the
                  | Orb.
     0 | D:1      | Reached XP level 1. HP: 16/16 MP: 1/1
   189 | D:1      | Reached skill level 3 in Polearms
   190 | D:1      | Gained mutation: You are partially covered in thin metallic
                  | scales. (AC +2) [demonic ancestry]
   190 | D:1      | Reached XP level 2. HP: 17/22 MP: 2/2
  1114 | D:2      | Gained mutation: You are partially covered in sharp spines.
                  | [demonic ancestry]
  1114 | D:2      | Reached XP level 3. HP: 27/27 MP: 3/3
  1120 | D:2      | Noticed Terence
  1141 | D:2      | Killed Terence
  1141 | D:2      | Reached skill level 1 in Armour
  1217 | D:2      | Noticed a scorpion
  1228 | D:2      | Killed a scorpion
  1228 | D:2      | Gained mutation: You have a pair of small antennae on your
                  | head. [demonic ancestry]
  1228 | D:2      | Reached XP level 4. HP: 31/33 MP: 4/4
  1497 | D:2      | Found a sacrificial altar of Ru.
  1708 | D:2      | Reached skill level 4 in Polearms
  1850 | D:3      | Found a basalt altar of Yredelemnul.
  1860 | D:3      | Gained mutation: You are mostly covered in sharp spines.
                  | [demonic ancestry]
  1860 | D:3      | Reached XP level 5. HP: 37/38 MP: 5/5
  2143 | D:3      | Found a shimmering altar of Xom.
  2207 | D:3      | Reached skill level 1 in Stealth
  2297 | D:3      | Found an iron altar of Okawaru.
  2459 | D:4      | Noticed a centaur
  2467 | D:4      | Killed a centaur
  2467 | D:4      | Gained mutation: You have a pair of antennae on your head.
                  | [demonic ancestry]
  2467 | D:4      | Reached XP level 6. HP: 22/46 MP: 6/6
  3697 | D:5      | Entered Level 5 of the Dungeon
  3719 | D:5      | Noticed a sky beast
  3733 | D:5      | Killed a sky beast
  3733 | D:5      | Gained mutation: You are mostly covered in thin metallic
                  | scales. (AC +3) [demonic ancestry]
  3733 | D:5      | Reached XP level 7. HP: 43/52 MP: 7/7
  3959 | D:5      | Reached skill level 5 in Polearms
  4308 | D:5      | Noticed a slime creature
  4309 | D:5      | Noticed a slime creature
  4309 | D:5      | Noticed a slime creature
  4976 | D:5      | Noticed Prince Ribbit
  5018 | D:5      | Found a runed translucent door.
  5019 | D:5      | Noticed Crazy Yiuf
  5034 | D:5      | Killed Crazy Yiuf
  5233 | D:5      | Found a transporter.
  5233 | D:5      | Noticed TangoThomas's ghost (novice GrFE)
  5243 | D:5      | Found a shimmering blue altar of Sif Muna.
  5283 | D:5      | Found a transporter.
  5311 | D:5      | Reached XP level 8. HP: 56/58 MP: 8/8
  5318 | D:5      | Reached skill level 5 in Armour
  5588 | D:5      | Found a hazy altar of Hepliaklqana.
  5719 | D:6      | Reached skill level 6 in Polearms
  5763 | D:6      | Found a sparkling altar of Nemelex Xobeh.
  5801 | D:6      | Killed from afar by an orc priest

Illustrated notes

Levels and vault maps discovered:
D:1:      wheals_arrival_linesprint, layout_rooms
D:2:      layout_basic, nicolae_ru_the_path_less_chosen, first_ration,
          chequers_serial_rivers_room_b, uniq_terence
D:3:      layout_rooms, okawaru_altar_gauntlet_db, overflow_temple_1_default,
          yredelemnul_altar_generic
D:4:      layout_layer_cave, serial_rivers, chequers_serial_rivers_large_a,
          chequers_serial_rivers_room_b, chequers_serial_rivers_micro_c,
          chequers_serial_rivers_marsh, chequers_serial_rivers_small_3
D:5:      cheibrodos_fertilizer, layout_loops_ring, kennysheep_mini,
          basic_altar, gammafunk_ghost_stat_death, st_stairs_10,
          minmay_fractal_squares_diagonal_5, uniq_crazy_yiuf_cottage,
          uniq_prince_ribbit1
D:6:      minmay_opposing_rooms, layout_layer_cave, overflow_temple_1_default,
          kennysheep_mini_moat, minmay_temple_entry_overgrown,
          nemelex_lonely_heart_becter

Skill      XL: |  1  2  3  4  5  6  7  8 |
---------------+-------------------------+-----
Polearms       | 3 4 5 6 |  6.1
Dodging        | 3 |  3.7
Armour         | 1 2 3 4 5 |  5.0
Stealth        | 1 |  1.8
Fighting       | 3 |  3.6
Throwing       | |  1.7

Action                   |  1- 3 |  4- 6 |  7- 9 || total
-------------------------+-------+-------+-------++-------
Melee: Trident           |   118 |   159 |   134 ||   411
  Use: Potion            |     1 |       |       ||     1
       Scroll            |       |       |     1 ||     1
 Stab: Sleeping          |     1 |       |       ||     1
  Eat: Chunk             |     1 |     8 |     3 ||    12
       Ration            |       |       |     1 ||     1
Armor: Leather armour    |    28 |       |       ||    28
       Scale mail        |     5 |    73 |    68 ||   146
Dodge: Dodged            |    85 |    60 |    54 ||   199
